 Dungeon Crawl Stone Soup version 0.21.1-1-g345015f (webtiles) character file.

4775 inc the Blocker (level 10, -1/94 HPs)
             Began as an Octopode Fighter on Apr 25, 2018.
             Was an Initiate of Gozag.
             Slain by a two-headed ogre
             ... wielding a +0 giant spiked club
              (13 damage)
             ... on level 9 of the Dungeon.
             The game lasted 00:15:15 (8308 turns).

inc the Blocker (Octopode Fighter)                  Turns: 8308, Time: 00:15:16

Health: -1/94      AC: 34    Str: 16    XL:     10   Next: 47%
Magic:  10/10      EV:  2    Int: 16    God:    Gozag
Gold:   378        SH: 12    Dex: 14    Spells: 9/9 levels left

rFire    + . .     SeeInvis .   y - +6 mace (protect)
rCold    . . .     Gourm    .   b - +0 shield
rNeg     + + +     Faith    .   (helmet currently unavailable)
rPois    +         Spirit   .   (no amulet)
rElec    .         Reflect  .   k - +5 ring of intelligence
rCorr    .         Harm     .   C - +2 ring of protection
MR       .....     NoTele   +   s - +2 ring of slaying
Stlth    +.........             A - ring of protection from fire
HPRegen  0.25/turn              (no ring)
MPRegen  0.12/turn              (no ring)
                                (no ring)
                                (no ring)

@: tree-form, gold aura, protection aura, very slightly contaminated
A: almost no armour, stealthy swim, (amphibious), 8 rings, (constrict 8)
a: Potion Petition, Call Merchant, Bribe Branch, Renounce Religion


You were on level 9 of the Dungeon.
You worshipped Gozag.
Gozag was aware of your devotion.
You were not hungry.
You were a tree.
You visited 2 branches of the dungeon, and saw 10 of its levels.

You collected 643 gold pieces.
You spent 174 gold pieces at shops.
You paid 91 gold pieces to Gozag.

Inventory:

Hand Weapons
 a - a +0 flail
 y - a +6 mace of protection (weapon)
 B - a +2 flail of protection
Armour
 b - a +0 shield (worn)
Jewellery
 k - a +5 ring of intelligence (left branch)
 o - an uncursed ring of ice
 s - a +2 ring of slaying (on tentacle)
 A - a ring of protection from fire (on tentacle)
 C - a +2 ring of protection (right branch)
 G - an uncursed ring of ice
Wands
 q - a wand of flame (19)
 z - a wand of digging (21)
 D - a wand of iceblast (9)
 F - a wand of paralysis (14)
Scrolls
 e - a scroll of fog {unknown}
 f - a scroll of torment {unknown}
 j - 2 scrolls of teleportation
 l - 3 scrolls of remove curse
 r - 2 scrolls of amnesia {unknown}
 t - 2 scrolls of blinking {unknown}
 u - a scroll of enchant armour {unknown}
 v - 3 scrolls of immolation
 H - a scroll of enchant weapon {unknown}
Potions
 c - a potion of cancellation
 g - a potion of resistance
 i - a potion of mutation {unknown}
 n - a potion of ambrosia
 x - a potion of brilliance {unknown}
 E - a potion of heal wounds {unknown}
Books
 w - a book of Flames

   Spells                             Type                      Level
   a - Flame Tongue                   Conjuration/Fire             1
   b - Throw Flame                    Conjuration/Fire             2
   c - Conjure Flame                  Conjuration/Fire             3
   d - Inner Flame                    Hexes/Fire                   3
   e - Sticky Flame                   Conjuration/Fire             4
   f - Fireball                       Conjuration/Fire             5
Comestibles
 d - 14 rations


   Skills:
 - Level 3.0 Fighting
 + Level 10.8 Maces & Flails
 - Level 3.0 Dodging
 + Level 11.0 Shields


You had 9 spell levels left.
You didn't know any spells.

Dungeon Overview and Level Annotations

Branches:
Dungeon (9/15)             Temple (1/1) D:7
   Lair: D:8-11         Orc: D:9-12

Altars:
Cheibriados
Dithmenos
Elyvilon
Fedhas
Gozag
Hepliaklqana
Kikubaaqudgha
Makhleb
Nemelex Xobeh
Qazlal
Ru
Sif Muna
Trog
Uskayaw
Vehumet
Wu Jian
Xom
Yredelemnul
Zin
The Shining One

Shops:
D:6 =   D:9 *

Annotations:
D:2 1 runed door
D:3 Grinder


Innate Abilities, Weirdness & Mutations

You cannot wear most types of armour.
You are very stealthy in the water. (Stealth+)
((You are amphibious.))
You can wear up to eight rings at the same time.
((You can use your tentacles to constrict eight enemies at once.))
((Your skin changes colour to match your surroundings (Stealth+).))
((Your rubbery body absorbs attacks. (AC +1, EV +1)))


Message History

The troll claws you but does no damage.
You barely miss the troll.
The troll is severely wounded.
You block the troll's attack.
The troll claws you but does no damage. x2
You sock the troll!
The troll is almost dead.
You barely miss the troll.
The troll is almost dead.
The troll bites you but does no damage.
The troll claws you but does no damage. x2
You sock the troll!
You kill the troll!
Your Shields skill increases to level 11!
You barely miss the two-headed ogre.
The two-headed ogre is almost dead.
The two-headed ogre hits you but does no damage. x2
You hit the two-headed ogre.
The two-headed ogre is almost dead.
The two-headed ogre hits you with a giant spiked club!
You die...
Your body crumbles into a pile of gold.

##.##.# ##...## ##.#.#.#
##.#.#.## .......#
##.##.##.#
#...#####.#....... #
#......(...#.##.#
...#.###..####......#..#
#................<###..#
o
..####.######....'∩#..#
h #. #♣# ##.#.###.##
#.#. #O# #.#.#####
.##.#.####$# ####.#.#
.......?.#$# #....#..
..........## #.####.#
###.......# #.# #[#
#.......# #.# #.#
#....##.###.#
.......##.....#


You could see a two-headed ogre.

Vanquished Creatures
  A two-headed ogre (D:8)
  Pikel (D:6)
  A queen bee (D:8)
  A troll (D:9)
  A hippogriff (D:7)
  Menkaure (D:7)
  Purgy (D:4)
  2 sky beasts (D:6)
  An orc warrior (D:8)
  3 ice beasts
  3 slaves (D:6)
  2 phantoms
  2 ogres
  2 bullfrogs (D:8)
  2 scorpions
  13 killer bees (D:8)
  A crimson imp (D:8)
  A bullfrog zombie (D:7)
  A quasit (D:8)
  A centaur skeleton (D:8)
  A bullfrog skeleton (D:7)
  3 orc priests
  Crazy Yiuf (D:7)
  3 hounds
  4 jellies
  2 orc wizards
  Ijyb (D:3)
  A human skeleton (D:2)
  4 iguanas
  5 worker ants
  Natasha (D:4)
  A hound zombie (D:5)
  2 hound skeletons (D:5)
  A worker ant zombie (D:8)
  Robin (D:3)
  6 gnolls
  8 adders
  A shadow imp (D:6)
  2 oozes
  2 worms
  3 dart slugs (D:1)
  5 leopard geckos
  31 orcs
  3 bats
  8 giant cockroaches
  18 goblins
  9 hobgoblins
  9 jackals
  3 quokkas
  2 ball pythons (D:3)
  6 frilled lizards
  11 kobolds
  A leopard gecko skeleton (D:6)
  A quokka skeleton (D:6)
  4 rats
205 creatures vanquished.

Notes
Turn   | Place    | Note
-------+----------+-------------------------------------------
     0 | D:1      | inc the Octopode Fighter began the quest for the Orb.
     0 | D:1      | Reached XP level 1. HP: 16/16 MP: 1/1
    34 | D:1      | Reached XP level 2. HP: 21/21 MP: 2/2
   213 | D:1      | Reached XP level 3. HP: 24/26 MP: 3/3
  1101 | D:2      | Reached skill level 4 in Shields
  1101 | D:2      | Reached XP level 4. HP: 15/31 MP: 4/4
  1605 | D:2      | Found a runed door.
  1605 | D:2      | Noticed a human
  1608 | D:2      | Found a basalt altar of Yredelemnul.
  1748 | D:3      | Reached XP level 5. HP: 27/36 MP: 5/5
  1762 | D:3      | Found a glowing golden altar of the Shining One.
  1764 | D:3      | Found a white marble altar of Elyvilon.
  1765 | D:3      | Found a glowing silver altar of Zin.
  1765 | D:3      | Noticed Ijyb
  1772 | D:3      | Killed Ijyb
  1921 | D:3      | Noticed Robin
  1930 | D:3      | Killed Robin
  2140 | D:3      | Noticed Grinder
  2144 | D:3      | Paralysed by Grinder for 6 turns
  2579 | D:3      | Reached skill level 5 in Shields
  2656 | D:3      | Reached XP level 6. HP: 34/42 MP: 6/6
  2920 | D:3      | Found a bloodstained altar of Trog.
  2934 | D:3      | Found a stormy altar of Qazlal.
  2936 | D:3      | Found a deep blue altar of Sif Muna.
  2941 | D:3      | Found a hide-covered altar of Uskayaw.
  3437 | D:4      | Reached skill level 5 in Maces & Flails
  3611 | D:4      | Found a radiant altar of Vehumet.
  3635 | D:4      | Noticed Natasha
  3639 | D:4      | Killed Natasha
  3758 | D:4      | Noticed Purgy
  4010 | D:4      | Killed Purgy
  4010 | D:4      | Reached XP level 7. HP: 44/46 MP: 7/7
  4191 | D:5      | Entered Level 5 of the Dungeon
  4201 | D:5      | Reached skill level 6 in Shields
  4653 | D:5      | Reached skill level 7 in Shields
  4653 | D:5      | Reached XP level 8. HP: 52/52 MP: 8/8
  5244 | D:6      | Found Etiliw's Jewellery Emporium.
  5272 | D:6      | Bought a +2 ring of protection for 150 gold pieces
  5391 | D:6      | Noticed Pikel
  5404 | D:6      | Killed Pikel
  5404 | D:6      | Reached skill level 8 in Shields
  5404 | D:6      | Reached XP level 9. HP: 41/56 MP: 9/9
  5921 | D:6      | Found a sparkling altar of Nemelex Xobeh.
  6132 | D:7      | Reached skill level 9 in Shields
  6452 | D:7      | Found a sacrificial altar of Ru.
  6488 | D:7      | Noticed Menkaure
  6497 | D:7      | Killed Menkaure
  6669 | D:7      | Found an ornate altar of the Wu Jian Council.
  6705 | D:7      | Found a staircase to the Ecumenical Temple.
  6713 | Temple   | Entered the Ecumenical Temple
  6728 | Temple   | Became a worshipper of Gozag Ym Sagoz the Greedy
  7031 | D:7      | Found a runed door.
  7101 | D:7      | Noticed Crazy Yiuf
  7105 | D:7      | Killed Crazy Yiuf
  7155 | D:8      | Found a blossoming altar of Fedhas.
  7278 | D:8      | Reached skill level 10 in Shields
  7332 | D:8      | Reached XP level 10. HP: 20/63 MP: 10/10
  7568 | D:8      | Noticed a two-headed ogre
  7593 | D:8      | HP: 1/63 [two-headed ogre/giant spiked club (10)]
  7596 | D:8      | Killed a two-headed ogre
  7596 | D:8      | Reached skill level 10 in Maces & Flails
  8129 | D:8      | Noticed a two-headed ogre
  8181 | D:9      | Found Cupnats's General Store.
  8190 | D:9      | Bought a scroll of identify for 24 gold pieces
  8209 | D:9      | Noticed a two-headed ogre
  8305 | D:9      | Reached skill level 11 in Shields
  8308 | D:9      | Slain by a two-headed ogre

Skill      XL: |  1  2  3  4  5  6  7  8  9 10 |
---------------+-------------------------------+-----
Maces & Flails | 3 4 5 6 8 9 10 | 10.8
Shields        | 4 5 7 8 10 11 | 11.0
Fighting       | |  3.0
Dodging        | |  3.0

Action                   |  1- 3 |  4- 6 |  7- 9 | 10-12 || total
-------------------------+-------+-------+-------+-------++-------
Melee: Flail             |    71 |   111 |       |       ||   182
       Tentacles         |    18 |    29 |    54 |    17 ||   118
       Constrict         |    15 |    30 |    46 |     8 ||    99
       Mace              |       |     9 |   248 |    77 ||   334
  Use: Scroll            |       |     1 |     5 |     1 ||     7
       Potion            |       |       |     2 |     6 ||     8
 Stab: Sleeping          |     5 |     7 |     7 |     2 ||    21
       Distracted        |       |     1 |     2 |     1 ||     4
       Invisible         |       |       |       |     2 ||     2
  Eat: Chunk             |       |     8 |     3 |       ||    11
       Ration            |       |     1 |     3 |       ||     4
Armor: Skin              |     2 |     5 |    49 |    20 ||    76
Dodge: Dodged            |    22 |    35 |   105 |    43 ||   205
Block: Shield            |    34 |    38 |   120 |    45 ||   237
